 Dungeon Crawl Stone Soup version 0.18-a0-1312-gf98331d (webtiles) character file.

0 Reinor the Ducker (level 1, -1/11 HPs)
             Began as a Spriggan Abyssal Knight on Feb 14, 2016.
             Was an Initiate of Lugonu.
             Slain by a giant gecko (3 damage)
             ... on level 1 of the Dungeon.
             The game lasted 00:01:05 (133 turns).

Reinor the Ducker (Spriggan Abyssal Knight)          Turns: 133, Time: 00:01:05

Health: -1/11      AC:  2    Str:  8    XL:     1   Next: 0%
Magic:  2/3        EV: 18    Int: 13    God:    Lugonu [......]
Gold:   0          SH:  0    Dex: 15    Spells: 0 memorised, 0 levels left

rFire  . . .     SeeInvis +     a - +1 short sword
rCold  . . .     Gourm    .     b - +0 robe
rNeg   . . .     Faith    .     (shield restricted)
rPois  .         Spirit   .     (helmet restricted)
rElec  .         Dismiss  .     (no cloak)
rCorr  .         Reflect  .     (gloves unavailable)
SustAt .         Harm     .     (boots unavailable)
MR     .....                    (no amulet)
Stlth  +.........               (no ring)
                                (no ring)

@: non-regenerating, diseased, very quick, not resistant to hostile
enchantments, very unstealthy
A: unfitting armour, see invisible, herbivore 3, speed 3, slow metabolism 2
a: Renounce Religion


You were on level 1 of the Dungeon.
You worshipped Lugonu.
Lugonu was noncommittal.
You were not hungry.

You visited 1 branch of the dungeon, and saw 1 of its levels.
You visited the Abyss 1 time.

Inventory:

Hand Weapons
 a - a +1 short sword (weapon)
Armour
 b - a +0 robe (worn)
Scrolls
 e - a scroll of enchant weapon {unknown}
Potions
 f - a potion of magic {unknown}
Comestibles
 c - a bread ration


   Skills:
 + Level 2.4 Fighting
 + Level 2.1 Short Blades
 + Level 3.5 Dodging
 + Level 1.7 Invocations


You couldn't memorise any spells.
You didn't know any spells.

Dungeon Overview and Level Annotations

Branches:
Dungeon (1/15)

Altars:


Innate Abilities, Weirdness & Mutations

You are tiny and cannot use many weapons and most armour.
You have supernaturally acute eyesight.
You are an herbivore.
You cover ground extremely quickly.
You need consume almost no food.


Message History

There is a staircase leading out of the dungeon here.
Read which item? (? for menu, Esc to quit)
Okay, then.
Read which item? (? for menu, Esc to quit)
As you read the scroll labeled PARUPSIYJE, it crumbles to dust.
You feel aware of your surroundings.
It was a scroll of magic mapping.
Found 11 gold pieces and a robe.
The giant gecko bites you.
* * * LOW HITPOINT WARNING * * *
You are too injured to fight recklessly!
You are too injured to fight recklessly!
You are too injured to fight recklessly!
You are too injured to fight recklessly!
You are too injured to fight recklessly!
You are too injured to fight recklessly!
You are too injured to fight recklessly!
You hit the giant gecko.
The giant gecko is moderately wounded.
The giant gecko bites you.
You die...

*,*,,,,,,,,,,,,,,,,,,,,,,,,,,*,
*,*,,,,,,,.$.....#*......,,,,*,
*,*,,,,.,,.......##.[....,,,,,, *
*,*,,,,..,*#............#*,,,,, *
*,*,,,,...##............#*,,,,,
***,,,,,,.[..........!.....,,,,,,
**,,,,,,,..................,,,,,,
*,,,*,*,,*#.........>......,,**,,
,,*,*,,,,*#....l@..<)......,,**,,
***,,,,,,..................,,,,,,
* *,,**,,.$................,,,,,,
* *,,,,,,...##............#*,,,,,
* *,**,,,..,*#............#*,,,,,
* *,**,,,.,,.......##......,,,,,,
*******,,........#*......,,,,,,
*,,.........,......,,,,**
*,,,,*********,,,,,,,,,*


You could see a giant gecko.

Vanquished Creatures (others)
  2 starspawn tentacles (Abyss:1)
2 creatures vanquished.

Notes
Turn   | Place    | Note
--------------------------------------------------------------
     0 | Abyss:1  | Reinor the Spriggan Abyssal Knight began the quest for the Orb.
     0 | Abyss:1  | Reached XP level 1. HP: 11/11 MP: 3/3
    60 | Abyss:1  | Noticed a tentacled starspawn
   104 | Abyss:1  | Noticed a guardian serpent
   122 | Abyss:1  | Noticed an ancient zyme
   122 | Abyss:1  | Noticed a golden eye
   122 | Abyss:1  | Noticed an iron imp
   128 | D:1      | Escaped the Abyss
   133 | D:1      | Slain by a giant gecko

Vault maps used:
D:1:      dpeg_arrival_stonehenge_8_columns

Action                   || total
-------------------------++-------
Melee: Short sword       ||     1
Invok: Depart the Abyss  ||     1
  Use: Scroll            ||     1
